 Dungeon Crawl Stone Soup version 0.29-a0-1047-g7c58e119a4 (webtiles) character file.

Game seed: 3800742532957604876

349 jlumianski the Chopper (level 6, -7/42 HPs)
             Began as a Demonspawn Gladiator on Aug 17, 2022.
             Mangled by Prince Ribbit (8 damage)
             ... on level 5 of the Dungeon.
             The game lasted 00:16:02 (3092 turns).

jlumianski the Chopper (Demonspawn Gladiator)       Turns: 3092, Time: 00:16:02

Health: -7/42      AC:  8    Str: 19    XL:     6   Next: 33%
Magic:  6/6        EV: 11    Int: 12    God:
Gold:   263        SH:  7    Dex: 15    Spells: 5/5 levels left

rFire   . . .      SeeInvis .   a - +0 war axe
rCold   . . .      Faith    .   v - +0 kite shield "Lecig" {+Inv Int+3 Slay+5 Stlth-}
rNeg    . . .      Spirit   .   u - +2 leather armour of Antique Satisfaction {rPois Str+3}
rPois   +          Reflect  .   x - +1 helmet
rElec   .          Harm     .   (no cloak)
rCorr   .          Rampage  .   (no gloves)
Will    .....                   l - +0 pair of boots
Stlth   ..........              (no amulet)
HPRegen 0.14/turn               A - ring of flight
MPRegen 0.10/turn               (no ring)

@: flying
A: hooves 1, powered by death 2, frail 1
a: Evoke Invisibility


You were on level 5 of the Dungeon.
You visited 1 branch of the dungeon, and saw 5 of its levels.
You also visited: Sewer.

You collected 263 gold pieces.

Inventory:

Hand Weapons
 a - a +0 war axe (weapon)
 n - a +0 dagger of venom
Missiles
 d - 3 throwing nets (quivered)
 e - a javelin
 i - 58 stones
 r - 2 boomerangs
Armour
 b - a +0 leather armour
 c - a +0 helmet
 k - a +2 leather armour of cold resistance
 l - a +0 pair of boots (worn)
 o - a +0 chain mail
 u - the +2 leather armour of Antique Satisfaction (worn) {rPois Str+3}
   (You found it on level 3 of the Dungeon)

   Str:       It affects your strength (+3).
   rPois:     It protects you from poison.
 v - the +0 kite shield "Lecig" (worn) {+Inv Int+3 Slay+5 Stlth-}
   (You found it on level 3 of the Dungeon)

   Int:       It affects your intelligence (+3).
   Slay:      It affects your accuracy & damage with ranged weapons and melee
   (+5).
   +Inv:      It lets you turn invisible.
   Stlth:     It makes you less stealthy.
 x - a +1 helmet (worn)
Jewellery
 A - a ring of flight (left hand)
Wands
 y - a wand of roots (11)
Scrolls
 m - a scroll of summoning
 q - a scroll of blinking
 B - a scroll of acquirement {unknown}
Potions
 f - a potion of resistance
 g - 2 potions of mutation
 h - a potion of degeneration
 j - a potion of attraction
 p - a potion of haste
 t - a potion of brilliance
 z - a potion of ambrosia {unknown}


   Skills:
 + Level 3.2 Fighting
 + Level 4.4 Axes
 + Level 2.2 Throwing
 + Level 1.8 Armour
 + Level 4.0 Dodging
 + Level 1.0 Stealth


You had 5 spell levels left.
You didn't know any spells.
Your spell library contained the following spells:

 Spells                   Type           Power      Damage    Failure   Level
 Poisonous Vapours        Pois/Air       0%         N/A       91%         2
 Gell's Gravitas          Tloc           0%         N/A       99%         3
 Teleport Other           Tloc           0%         N/A       99%         3
 Corpse Rot               Necr/Pois/Air  0%         N/A       100%        4
 Summon Ice Beast         Ice/Summ       0%         N/A       100%        4
 Summon Mana Viper        Hex/Summ       0%         N/A       100%        5
 Dispersal                Tloc           0%         N/A       100%        6
 Monstrous Menagerie      Summ           0%         N/A       100%        7


Dungeon Overview and Level Annotations

Branches:
Dungeon (5/15)              Sewer (visited)
 Temple: D:4-7

Altars:

Shops:
D:1 (   D:4 :

Annotations:
D:5 Prince Ribbit


Innate Abilities, Weirdness & Mutations

You have large cloven feet.
You regenerate health from kills.
You are frail. (-10% HP)


Message History

You slash the quokka!
You kill the quokka!
Prince Ribbit blinks!
Found 13 gold pieces.
Things that are here:
a scroll labelled VIOSONT SOBRE; a quokka corpse
B - a scroll labelled VIOSONT SOBRE Prince Ribbit hits you!
You hit Prince Ribbit.
Prince Ribbit is heavily wounded.
Prince Ribbit hits you! You block Prince Ribbit's attack.
You barely miss Prince Ribbit.
Prince Ribbit is heavily wounded.
You block Prince Ribbit's attack. Prince Ribbit hits you!
* * * LOW HITPOINT WARNING * * *
You feel better. Prince Ribbit closely misses you.
You miss Prince Ribbit.
Prince Ribbit is heavily wounded.
Prince Ribbit hits you but does no damage.
A hound comes into view.
Prince Ribbit hits you but does no damage.
You slash Prince Ribbit!
Prince Ribbit is almost dead.
You block Prince Ribbit's attack. Prince Ribbit hits you.
* * * LOW HITPOINT WARNING * * *
Prince Ribbit closely misses you.
You barely miss Prince Ribbit.
Prince Ribbit is almost dead.
You block Prince Ribbit's attack. Prince Ribbit hits you!
* * * LOW HITPOINT WARNING * * *
It was a potion of flight.
You feel more buoyant. Prince Ribbit barely misses you.
The hound attacks as you move away! You block the hound's attack.
Prince Ribbit attacks as you move away! Prince Ribbit closely misses you.
You see here a quokka corpse.
Prince Ribbit attacks as you move away!
Prince Ribbit hits you but does no damage.
Prince Ribbit hits you!
You die...

#.# #.##. .# ..
#.##. .##$..
#.##. ##.....##
#.##. #........
#F##.##......##
#.##...........
#.##...........
#.# #@.........
#.# #hF........
##.###..........
#...............
######..........
##.........
#.........
#........#
..........


You could see Prince Ribbit and a hound.

Vanquished Creatures
  Pargi (Sewer)
  A black bear (D:2)
  A jelly (D:3)
  An iguana (D:4)
  An adder (D:1)
  3 dart slugs
  2 orcs (D:3)
  12 endoplasms
  6 giant cockroaches
  6 goblins
  3 hobgoblins
  4 jackals (D:1)
  5 quokkas
  8 ball pythons
  9 bats
  5 frilled lizards
  6 kobolds
  8 rats
82 creatures vanquished.

Notes
Turn   | Place    | Note
-------+----------+-------------------------------------------
     0 | D:1      | jlumianski the Demonspawn Gladiator began the quest for the
                  | Orb.
     0 | D:1      | Reached XP level 1. HP: 16/16 MP: 1/1
   240 | D:1      | Found Maollij's Antique Weapon Boutique.
   367 | D:1      | Gained mutation: You regenerate a little health from kills.
                  | [demonic ancestry]
   367 | D:1      | Reached XP level 2. HP: 9/22 MP: 2/2
   578 | D:1      | You fall into a shaft and drop 1 floor!
   845 | D:1      | Found a faded altar of an unknown god.
   889 | D:1      | Gained mutation: You regenerate health from kills. [demonic
                  | ancestry]
   889 | D:1      | Reached XP level 3. HP: 18/27 MP: 3/3
   951 | D:1      | Reached skill level 1 in Armour
  1099 | D:1      | Gained mutation: You are frail. (-10% HP) [potion of
                  | mutation]
  1229 | D:2      | Noticed a black bear
  1244 | D:2      | Killed a black bear
  1245 | D:2      | Reached XP level 4. HP: 24/30 MP: 4/4
  1245 | D:2      | Discovered your monstrous ancestry.
  1245 | D:2      | Gained mutation: You have large cloven feet. [demonic
                  | ancestry]
  1245 | D:2      | Reached XP level 5. HP: 28/36 MP: 5/5
  1417 | D:3      | Found a glowing drain.
  1440 | Sewer    | Entered a sewer
  1463 | Sewer    | Noticed Pargi
  1489 | Sewer    | Killed Pargi
  1972 | D:2      | Reached XP level 6. HP: 42/42 MP: 6/6
  2336 | D:3      | Identified the +2 leather armour of Antique Satisfaction
                  | {rPois Str+3}
  2441 | D:3      | Identified the +0 kite shield "Lecig" {+Inv Int+3 Slay+5
                  | Stlth-}
  2873 | D:4      | Found Elecud's Book Shop.
  2884 | D:4      | Reached skill level 1 in Stealth
  3009 | D:5      | Entered Level 5 of the Dungeon
  3033 | D:5      | Noticed Prince Ribbit
  3089 | D:5      | HP: 1/42 [Prince Ribbit (11)]
  3092 | D:5      | Mangled by Prince Ribbit

Illustrated notes

Levels and vault maps discovered:
D:1:      wander_arrival_lonely_grave, layout_basic, serial_shops,
          nicolae_shop_competitors_out_of_business,
          ebering_ecumenical_altar_rust, minmay_misc_feat_rows,
          hangedman_decor_peaks_small, interstate_on_off
D:2:      layout_basic
D:3:      layout_basic, gup_sewer_entry_pipe
D:4:      layout_cave_pods, serial_shops, nicolae_diamond_shop,
          minmay_strange_pillars
D:5:      layout_basic, mainiacjoe_overflow_catwalk_spiral,
          lightli_ossuary_entry_decrepit_ruins, uniq_prince_ribbit1

Skill      XL: |  1  2  3  4  5  6 |
---------------+-------------------+-----
Axes           | 3 4 |  4.4
Dodging        | 3 4 |  4.0
Armour         | 1 |  1.8
Throwing       | 2 |  2.2
Fighting       | 3 |  3.2
Stealth        | 1 |  1.0

Action                   |  1- 3 |  4- 6 || total
-------------------------+-------+-------++-------
Melee: War axe           |    86 |   131 ||   217
Throw: Stone             |     3 |       ||     3
       Javelin           |     1 |     1 ||     2
       Throwing net      |       |     3 ||     3
Evoke: Wand              |       |     2 ||     2
  Use: Scroll            |     2 |     7 ||     9
       Potion            |     1 |     4 ||     5
 Stab: Sleeping          |     1 |     5 ||     6
Armor: Leather armour    |    50 |    41 ||    91
       Skin              |       |    22 ||    22
       Chain mail        |       |    23 ||    23
Dodge: Dodged            |    86 |   112 ||   198
Block: Kite shield       |       |    12 ||    12

Table legend: (Time is in decaauts)
 A = Elapsed time spent in this place.
 B = Non-inter-level travel time spent in this place.
 C = Inter-level travel time spent in this place.
 D = Time resting spent in this place.
 E = Time spent auto-exploring this place.
 F = Levels seen in this place.
 G = Mean time per level.
                   A        B        C        D        E       F      G
               +--------+--------+--------+--------+--------+-----+--------+
         Total |   3159 |   3100 |     59 |    492 |   1095 |   6 |  526.5 |
       Dungeon |   2677 |   2618 |     59 |    236 |   1095 |   5 |  535.4 |
         Sewer |    482 |    482 |      0 |    256 |      0 |   1 |  482.0 |
               +--------+--------+--------+--------+--------+-----+--------+

Top non-repeatable levels by time:
     D:1: 1132 daAuts
     D:3: 670 daAuts
     D:2: 500 daAuts
   Sewer: 482 daAuts
     D:4: 288 daAuts
     D:5: 86 daAuts
